 Dungeon Crawl Stone Soup version 0.31.0-9-g3a7656b989 (webtiles) character file.

Game seed: 18163356298571599882

53 Doomgape the Covered (level 3, 0/24 HPs)
             Began as a Gargoyle Fighter on Feb 1, 2024.
             Slain by Crazy Yiuf
             ... wielding a +2 quarterstaff of chaos
              (4 damage)
             ... on level 2 of the Dungeon.
             The game lasted 00:05:04 (1406 turns).

Doomgape the Covered (Gargoyle Fighter)             Turns: 1406, Time: 00:05:05

Health: 0/24       AC: 19    Str: 21    XL:     3   Next: 89%
Magic:  3/3        EV:  7    Int: 14    God:
Gold:   64         SH:  5    Dex: 15    Spells: 2/2 levels left

rFire   . . .        i - +2 mace (protect)
rCold   . . .        c - +0 buckler
rNeg    + . .        g - +0 chain mail
rPois   ∞            (no helmet)
rElec   +            (no cloak)
rCorr   .            (no gloves)
SInv    .            (no boots)
Will    .....        j - amulet of regeneration Stlth
                     o - +6 ring of dexterity
HPRegen 1.04/turn    q - +6 ring of intelligence
MPRegen 0.08/turn

%: no passive effects
@: mighty, under a protective aura, hasted, very quick
A: sickness immunity, AC +3, negative energy resistance 1, electricity
resistance, torment resistance 1, petrification resistance
a: no special abilities


You were on level 2 of the Dungeon.
You visited 1 branch of the dungeon, and saw 2 of its levels.

You collected 64 gold pieces.

Inventory:

Hand Weapons
 i - a +2 mace of protection (weapon)
Missiles
 e - a throwing net (quivered)
Armour
 c - a +0 buckler (worn)
 g - a +0 chain mail (worn)
Jewellery
 j - an amulet of regeneration (around neck)
 k - a ring of protection from fire
 o - a +6 ring of dexterity (left hand)
 q - a +6 ring of intelligence (right hand)
Talismans
 n - a blade talisman
Scrolls
 h - 3 scrolls of fear
 l - a scroll of identify
Potions
 a - 2 potions of haste {unknown}
 b - a potion of magic {unknown}
 d - a potion of might
 f - 3 potions of curing
 r - a potion of mutation {unknown}


   Skills:
 + Level 3.8 Fighting
 + Level 2.6 Maces & Flails
 + Level 3.9 Armour
 + Level 3.7 Shields


You had 2 spell levels left.
You didn't know any spells.
Your spell library contained the following spells:

 Spells                   Type           Power      Damage    Failure   Level
 Apportation              Tloc           0%         N/A       94%         1
 Jinxbite                 Hex            0%         N/A       98%         2
 Alistair's Intoxication  Alch           0%         N/A       100%        5


Dungeon Overview and Level Annotations

Branches:
Dungeon (2/15)

Altars:

Shops:
D:2 (

Annotations:
D:2 Crazy Yiuf


Innate Abilities, Weirdness & Mutations

You are immune to sickness and miasma.
Your stone body is resilient. (AC +3)
You are immune to poison.
You resist negative energy. (rN+)
You are resistant to electric shocks. (rElec)
You are resistant to unholy torment.
You are immune to petrification.


Message History

You sock Crazy Yiuf!
Crazy Yiuf is severely wounded.
Crazy Yiuf barely misses you.
You barely miss Crazy Yiuf.
Crazy Yiuf is severely wounded.
Crazy Yiuf hits you with a +2 quarterstaff of chaos.
Crazy Yiuf hits you but does no damage.
You closely miss Crazy Yiuf.
Crazy Yiuf is severely wounded.
Crazy Yiuf says, "Island sow tea!"
You block Crazy Yiuf's attack.
You completely miss Crazy Yiuf.
Crazy Yiuf is severely wounded.
Crazy Yiuf hits you with a +2 quarterstaff of chaos.
You hit Crazy Yiuf but do no damage.
Your weapon exudes an aura of protection.
Crazy Yiuf is severely wounded.
Crazy Yiuf hits you with a +2 quarterstaff of chaos!
You are confused.
Crazy Yiuf barely misses you.
You miss Crazy Yiuf.
Crazy Yiuf is severely wounded.
Crazy Yiuf waves his quarterstaff at you.
Crazy Yiuf hits you but does no damage.
You hit Crazy Yiuf but do no damage.
Crazy Yiuf is severely wounded.
Crazy Yiuf hits you with a +2 quarterstaff of chaos.
You feel yourself speed up.
You bump into the rock wall.
Crazy Yiuf hits you with a +2 quarterstaff of chaos.
You feel very mighty all of a sudden.
You're too confused to move!
You bump into the rock wall.
Crazy Yiuf hits you with a +2 quarterstaff of chaos!
* * * LOW HITPOINT WARNING * * *
You're too confused to move!
You feel less confused.
Crazy Yiuf grits, "Shadow return to song noodlescoop!"
Crazy Yiuf hits you with a +2 quarterstaff of chaos.
You die...

#......# #..#
#.........#
#......# #..#
#........(#
#......# #..#
#.........#
#.....## ####
########.>#
####### #.## #.##
### ####..#
#)..### ##..#..#
#...g@####......#
#...##..#..#...##
### ###.#...###
#######


You could see Crazy Yiuf.

Vanquished Creatures
  An adder (D:2)
  3 bats
  4 endoplasms
  A giant cockroach (D:1)
  7 goblins
  3 hobgoblins
  6 quokkas
  5 ball pythons
  4 frilled lizards
  A kobold (D:2)
  5 rats
40 creatures vanquished.

Notes
Turn   | Place    | Note
-------+----------+-------------------------------------------
     0 | D:1      | Doomgape the Gargoyle Fighter began the quest for the Orb.
     0 | D:1      | Reached XP level 1. HP: 14/14 MP: 1/1
   190 | D:1      | Reached XP level 2. HP: 16/19 MP: 2/2
   332 | D:1      | Found a faded altar of an unknown god.
   586 | D:1      | Reached XP level 3. HP: 23/23 MP: 3/3
   874 | D:2      | Found Joqut's Weapon Boutique.
  1276 | D:2      | Found a runed translucent door.
  1277 | D:2      | Noticed Crazy Yiuf
  1406 | D:2      | Slain by Crazy Yiuf

Illustrated notes

Levels and vault maps discovered:
D:1:      pf_arrival_petrified_forest, layout_basic,
          hellmonk_ecumenical_altar_heavens_door
D:2:      layout_rooms, serial_shops, nicolae_lakefront_shop,
          uniq_crazy_yiuf_cottage

Action                     || total
---------------------------++-------
  Melee: Flail             ||    26
         Mace              ||   101
    Use: Scroll            ||     6
 Armour: Scale mail        ||    53
         Chain mail        ||    55
  Dodge: Dodged            ||    54
  Block: Buckler           ||    32
